Unix NetHack Version 5.0.0-0 post-release - last build May 10 2026 23:12:36 (d1fa5d53e341ca933230fdaa984d921c805b60aa,branch:main).

Game began 2026-05-14 14:19:47, ended 2026-05-14 16:43:58.

GdeVolpiano, lawful female dwarven Cavewoman

                            ------------------------
                            |).^.....%.............|
                            |..-------------------.|
                          ----.|    -----        |.|
                          |..|.--  --.%.|        |.|
                          |.....|--|....|        |.|
                          |...[.|..|..0.|        |)|
                          --....|......--        |.|
                           |.......|...|   ------|.|
                           |....|..|...| --|.....|.|
                           |....---|...| |.-$$...|%|
                           |.......|..-- |-|$$$$.|.|
                           ----0...|.--  |.-)$)$.%v|
                              ---.--.|   |-|$$$$.|--
                               |.....|   |?-$$$..|
                               |>.|[.|   --|$$.$.|
                               -------     -------

GdeVolpiano the Wanderer  St:18 Dx:14 Co:19 In:11 Wi:8 Ch:8  Lawful
Dlvl:5  $:453 HP:0(92) Pw:19(28) AC:-4 Xp:8 T:14185 

Latest messages:
 You hear a sound reminiscent of an elephant stepping on a peanut.
 You kill the elf-lord!
 In what direction?
 The runed spear misses the mumak.
 a - a spherical amulet.
 The mumak strikes at thin air!
 You miss the mumak.
 The mumak attacks a spot beside you.
 You miss the mumak.
 You miss the mumak.
 The mumak butts!
 The mumak misses!
 The gecko strikes at thin air!
 You miss the mumak.
 You hit the mumak!
 You hear some noises in the distance.
 The mumak misses!
 The mumak misses!
 The gecko attacks a spot beside you.
 You hit the mumak!
 You hit the mumak!
 The mumak misses!
 The mumak misses!
 You miss the mumak.
 The mumak misses!
 The mumak bites!
 You kill the mumak!
 h - an uncursed runed spear (at the ready).
 The energy vortex lunges forward and recoils!
 The energy vortex lunges forward and recoils!
 The elf-lord throws a runed spear!
 The runed spear hits it.
 The elf-lord throws a runed dagger!
 The runed dagger misses it.
 The runed dagger hits the violet fungus.
 You miss the energy vortex.
 You are jolted with electricity!
 The energy vortex engulfs you!
 The air around you crackles with electricity.
 You feel your magical energy drain away.
 You hit the energy vortex.
 You are jolted with electricity!
 You feel your magical energy drain away.
 The air around you crackles with electricity.
 You feel your magical energy drain away.
 You hit the energy vortex.
 You are jolted with electricity!
 You die...
 Do you want your possessions identified? [ynq] (y)
 Do you want to see your attributes? [ynq] (y)

Inventory:
 Coins    ('$')
  $ - 453 gold pieces
 Amulets  ('"')
  a - an uncursed amulet of reflection
 Weapons  (')')
  h - a +0 elven spear (at the ready)
  P - a blessed rustproof +1 aklys (alternate weapon; not wielded)
  c - the +2 Demonbane (weapon in left hand)
 Armor    ('[')
  A - a blessed +1 elven leather helm (being worn)
  L - an uncursed +0 pair of high boots (being worn)
  d - an uncursed +0 elven shield (being worn)
  D - an uncursed +0 elven cloak (being worn)
  t - an uncursed +2 elven mithril-coat (being worn)
 Comestibles  ('%')
  N - 4 uncursed food rations
  C - 2 uncursed pancakes
 Spellbooks  ('+')
  Y - an uncursed spellbook of detect food
 Potions  ('!')
  o - an uncursed potion of full healing
  r - an uncursed potion of healing
 Rings    ('=')
  J - an uncursed ring of conflict
  T - an uncursed ring of invisibility (on left hand)
  z - an uncursed ring of sustain ability (on right hand)
 Wands    ('/')
  S - a wand of cold (0:3)
  B - a wand of digging (0:3)
  K - a blessed wand of fire (0:4)
  j - a wand of lightning (0:5)
  y - a wand of magic missile (0:7)
  X - a wand of teleportation (0:4)
 Tools    ('(')
  b - an uncursed bag of holding containing 9 items
  Z - an uncursed blindfold
  w - a cursed magic whistle
  M - a +0 pick-axe
  k - an uncursed skeleton key
  i - an uncursed stethoscope
  H - a +0 unicorn horn

Contents of the bag of holding:
  1304 gold pieces
  2 uncursed chrysoberyl stones
  2 uncursed citrine stones
  an uncursed worthless piece of black glass
  2 uncursed worthless pieces of green glass
  3 uncursed worthless pieces of red glass
  2 uncursed worthless pieces of violet glass
  4 uncursed worthless pieces of yellowish brown glass
  an uncursed touchstone

GdeVolpiano the Cavewoman's attributes:

Background:
 You were a Wanderer, a level 8 dwarven Cavewoman.
 You were lawful, on a mission for Anu
 who was opposed by Ishtar (neutral) and Anshar (chaotic).
 You were left-handed.
 You were in Sokoban, on level 5.
 You entered the dungeon 14185 turns ago.
 You had 1696 experience points, 864 more were needed to attain level 9.

Basics:
 You had 0 out of 92 hit points.
 You had 19 out of 28 energy points (spell power).
 Your armor class was -4.
 Your wallet contained 453 zorkmids, and
 you had 1304 more stashed away in your pack.
 Autopickup was on for '$?!/="+' plus thrown, with exceptions.

Final Characteristics:
 Your strength was 18 (peak:18/01, limit:18/100).
 Your dexterity was 14 (limit:20).
 Your constitution was 19 (limit:20).
 Your intelligence was 11 (limit:16).
 Your wisdom was 8 (limit:16).
 Your charisma was 8 (limit:16).

Final Status:
 You were engulfed by the energy vortex.
 You weren't hungry.
 You were unencumbered.
 You were wielding a mace.
 You had basic skill with mace.

Final Attributes:
 You were piously aligned.
 You were fire resistant.
 You were cold resistant.
 You were poison resistant.
 You were telepathic.
 You had infravision.
 You were invisible.
 You were stealthy.
 You were guarded.
 Your spell casting was impaired by metallic armor.
 You were fast.
 You had fixed abilities.
 You were lucky.
 You are dead.

Miscellaneous:
 You encountered 1 bones level.
 Total elapsed playing time was 2 hours, 24 minutes and 9 seconds.

Major events:
 Turn
    1: GdeVolpiano the lawful dwarven Cavewoman entered the dungeon
  459: entered the Gnomish Mines
 1013: attained the rank of Aborigine (level 3)
 1731: reached Mine Town
 3118: attained the rank of Wanderer (level 6)
 7411: was bestowed with Demonbane by Anu
10111: was bestowed with Trollsbane by Anu
11089: entered Sokoban
11390: completed 1st Sokoban level
11914: completed 2nd Sokoban level
12158: completed 3rd Sokoban level
12724: completed 4th Sokoban level
14185: killed by an energy vortex

Spells:
 Name                 Level Category     Fail Retention
 confuse monster        1   enchantment  100%   26%-50%

Skills:
 Fighting Skills
   bare handed combat [Basic]
 Weapon Skills
   dagger             [Unskilled]
   knife              [Unskilled]
   axe                [Unskilled]
   pick-axe           [Unskilled]
   club               [Expert]
   mace               [Basic]
   morning star       [Unskilled]
   flail              [Unskilled]
   hammer             [Unskilled]
   quarterstaff       [Unskilled]
   polearms           [Unskilled]
   spear              [Unskilled]
   trident            [Unskilled]
   bow                [Unskilled]
   sling              [Basic]
   boomerang          [Unskilled]
   unicorn horn       [Unskilled]
 Spellcasting Skills
   attack spells      [Unskilled]
   matter spells      [Unskilled]

Voluntary challenges:
 Character rerolling was not enabled.
 You never genocided any monsters.
 You never polymorphed an object.
 You never changed form.
 You used no wishes.
 You did not violate any of the special Sokoban rules.
Achievements:
 You entered the Gnomish Mines.
 You attained the rank of Aborigine.
 You entered Minetown.
 You entered a shop.
 You entered a temple.
 You attained the rank of Wanderer.
 You entered Sokoban.

 The Dungeons of Doom: levels 1 to 10
    Level 1:
       A fountain, a sink.
    Level 2:
       A fountain.
       Stairs down to The Gnomish Mines.
    Level 3: "vault"
    Level 4:
       A grave.
    Level 5:
       An altar to Anu.
    Level 6:
       A sink.
    Level 7:
       A general store, a sink.
    Level 8:
       Many fountains.
       Oracle of Delphi.
    Level 9:
       Stairs up to Sokoban, level 8.
    Level 10:
       A fountain.
 The Gnomish Mines: levels 3 to 7
    Level 3:
    Level 4:
    Level 5:
    Level 6:
       Many shops, a temple and an altar, some fountains, a grave, some trees.
       Final resting place for
          BaeHund-Arc-Dwa-Fem-Law, killed by a giant mimic.
    Level 7:
 Sokoban: levels 8 up to 5
    Level 5: <- You were here.
       Solved.
       Final resting place for
          you, killed by an energy vortex.
    Level 6:
       Solved.
    Level 7:
       Solved.
    Level 8:
       Solved.


Vanquished creatures:
  a ghost
  3 giant mimics
  a flesh golem
  a large mimic
 an air elemental
  a xorn
  2 elf-nobles
  a gelatinous cube
  a gargoyle
  a mountain centaur
  a human mummy
  a pit viper
  a leather golem
  2 chameleons
  3 giant beetles
  3 quivering blobs
  a wolf
  2 winter wolf cubs
  3 leprechauns
 an orc-captain
  2 iron piercers
  a mumak
  a giant spider
  2 horses
 an ice vortex
  a baby long worm
  a black light
  a brown pudding
  a rust monster
  2 owlbears
  a gold golem
  4 Green-elves
  a lizard
  a dingo
  4 dogs
  3 housecats
  2 jaguars
  2 blue jellies
  a gray unicorn
  a dust vortex
  a raven
  a gnome mummy
  a snake
  2 apes
  a human zombie
  2 Woodland-elves
  a fire ant
  3 bugbears
 an imp
  a quasit
  a wood nymph
  2 water nymphs
  a mountain nymph
  3 Mordor orcs
  3 orc shamans
  6 rock piercers
  6 rock moles
  3 ponies
  2 fog clouds
  7 yellow lights
  a shrieker
  a violet fungus
  8 gnome leaders
  a gray ooze
  a barrow wight
  5 elf zombies
  2 ghouls
  2 straw golems
  2 paper golems
  3 giant ants
  a little dog
 10 floating eyes
  3 kittens
  5 dwarves
  3 homunculi
  a kobold leader
 19 hill orcs
 16 rothes
  a rabid rat
  a giant bat
  4 monkeys
  2 orc zombies
  6 dwarf zombies
  a wererat
  3 werejackals
  6 iguanas
  3 killer bees
  2 acid blobs
  a coyote
  2 gas spores
  5 hobbits
  3 large kobolds
  a hobgoblin
  9 giant rats
 10 cave spiders
  2 brown molds
  a yellow mold
  4 green molds
  a red mold
 31 gnomes
  a gnome zombie
  7 geckos
 12 jackals
  3 kobolds
  7 goblins
  8 sewer rats
 12 grid bugs
  8 bats
  7 lichens
  a kobold zombie
  9 newts
370 creatures vanquished.

No species were genocided or became extinct.

Game over:
                       ----------
                      /          \
                     /    REST    \
                    /      IN      \
                   /     PEACE      \
                  /                  \
                  |   GdeVolpiano    |
                  |     1757 Au      |
                  |   killed by an   |
                  |  energy vortex   |
                  |                  |
                  |                  |
                  |       2026       |
                 *|     *  *  *      | *
        _________)/\\_//(\/(/\)/\//\/|_)_______

Goodbye GdeVolpiano the Cavewoman...

You died in Sokoban on dungeon level 5 with 23340 points,
and 1757 pieces of gold, after 14185 moves.
You were level 8 with a maximum of 92 hit points when you died.

